TEX
CORPUS CHRISTI HOOKS @ TULSA DRILLERS
07/02/2099
 
TOP OF THE 1ST
Corpus Christi Hooks batting - Pitching for Tulsa Drillers : RHP Bobby Judd
Pitching: RHP Bobby Judd
Batting: LHB Jesse Boal 0-0: Ball
1-0: Ground out 4-3 (Groundball, 4, EV 105.6 MPH)
Batting: RHB Donovan Miller 0-0: Called Strike
0-1: Ball
1-1: Ball
2-1: DOUBLE (Line Drive, 8LXD, EV 101.9 MPH)
Batting: RHB Eric Black 0-0: Foul Ball, location: 25FF
0-1: Swinging Strike
0-2: Foul Ball, location: 9LDF
0-2: SINGLE (Groundball, 6M, EV 98.8 MPH)
Donovan Miller to third
Runner from 3rd tries for Home, SAFE, throw by CF to home
Batting: RHB James Woodard 0-0: Called Strike
0-1: Foul Ball, location: 2F
0-2: Foul Ball, location: 2RF
0-2: Ball
1-2: Fly out, F3 (Popup, 3SF, EV 63.8 MPH)
Batting: LHB Toby O'Dell 0-0: Ground out 4-3 (Groundball, 4, EV 105.0 MPH)
Top of the 1st over - 1 run, 2 hits, 0 errors, 1 left on base; Corpus Christi 1 - Tulsa 0
BOTTOM OF THE 1ST
Tulsa Drillers batting - Pitching for Corpus Christi Hooks : RHP Chad Wilson
Pitching: RHP Chad Wilson
Batting: LHB Tim Moore 0-0: Ball
1-0: Ball
2-0: Called Strike
2-1: Ball
3-1: Fly out, F8 (Flyball, 8LM, EV 91.9 MPH)
Batting: LHB Mike Saunders 0-0: Ball
1-0: Called Strike
1-1: Ball
2-1: Called Strike
2-2: Ball
3-2: Base on Balls
Batting: RHB Matt Pettit 0-0: Foul Ball, location: 3DF
0-1: Ball
1-1: SINGLE (Groundball, 13S, EV 66.9 MPH) (infield hit)
Mike Saunders to second
Batting: LHB Russ Henson 0-0: Foul Ball, location: 2F
0-1: Called Strike
0-2: Foul Ball, location: 5F
0-2: Ball
1-2: Fly out, F9 (Flyball, 89D, EV 105.6 MPH)
Batting: LHB Greg Schlitt 0-0: Foul Ball, location: 3FF
0-1: Ball
1-1: SINGLE (Line Drive, 4D, EV 104.4 MPH)
Mike Saunders to third
Matt Pettit to second
Runner from 3rd tries for Home, throw by CF and OUT! 8-2
Bottom of the 1st over - 0 runs, 2 hits, 0 errors, 2 left on base; Corpus Christi 1 - Tulsa 0
TOP OF THE 2ND
Corpus Christi Hooks batting - Pitching for Tulsa Drillers : RHP Bobby Judd
Batting: RHB David Warren 0-0: Ball
1-0: DOUBLE (Line Drive, 9LM, EV 100.0 MPH)
Batting: LHB Malik Lindsey 0-0: Ball
1-0: Called Strike
1-1: Foul Ball, location: 2F
1-2: Strikes out swinging
Batting: RHB Edwin Cardenas 0-0: Called Strike
0-1: Foul Ball, location: 3F
0-2: Strikes out swinging
Batting: RHB Danny Nunez 0-0: SINGLE (Line Drive, 8LS, EV 104.4 MPH)
David Warren to third
Runner from 3rd tries for Home, SAFE, throw by CF to home
Batting: LHB Jesse Boal 0-0: Called Strike
0-1: Ground out U3 (Groundball, 3, EV 85.0 MPH)
Top of the 2nd over - 1 run, 2 hits, 0 errors, 1 left on base; Corpus Christi 2 - Tulsa 0
BOTTOM OF THE 2ND
Tulsa Drillers batting - Pitching for Corpus Christi Hooks : RHP Chad Wilson
Batting: RHB Ryan Gaines 0-0: Ball
1-0: SINGLE (Line Drive, 9S, EV 91.9 MPH)
Batting: LHB Aaron Himebauch 0-0: Ball
1-0: Ball
2-0: Called Strike
2-1: Foul Ball, location: 5SF
2-2: Foul Ball, location: 7LDF
2-2: Fly out, F9 (Line Drive, 89S, EV 98.8 MPH)
Batting: RHB Jordan Saray 0-0: Foul Ball, location: 3SF
0-1: Foul Ball, location: 2F
0-2: Ball
1-2: Ball
2-2: Fielders Choice at 2nd, 6-4 (Groundball, 56, EV 79.4 MPH)
Batting: RHB Joe Jarosz 0-0: Ground out 5-3 (Groundball, 56S, EV 89.4 MPH)
Bottom of the 2nd over - 0 runs, 1 hit, 0 errors, 1 left on base; Corpus Christi 2 - Tulsa 0
TOP OF THE 3RD
Corpus Christi Hooks batting - Pitching for Tulsa Drillers : RHP Bobby Judd
Batting: RHB Donovan Miller 0-0: Ball
1-0: Ball
2-0: Ball
3-0: Called Strike
3-1: Base on Balls
Batting: RHB Eric Black 0-0: Ball
1-0: Foul Ball, location: 2F
1-1: Foul Ball, location: 5FF
1-2: Grounds into double play, 5-4-3 (Groundball, 56, EV 88.8 MPH)
Batting: RHB James Woodard 0-0: Ball
1-0: Called Strike
1-1: Ball
2-1: Swinging Strike
2-2: Strikes out looking
Top of the 3rd over - 0 runs, 0 hits, 0 errors, 0 left on base; Corpus Christi 2 - Tulsa 0
BOTTOM OF THE 3RD
Tulsa Drillers batting - Pitching for Corpus Christi Hooks : RHP Chad Wilson
Batting: LHB Tim Moore 0-0: Ball
1-0: Ball
2-0: Called Strike
2-1: Ball
3-1: Reached on error, E3 (Groundball, 34, EV 90.0 MPH)
Batting: LHB Mike Saunders 0-0: Ball
1-0: Called Strike
1-1: Foul Ball, location: 9LMF
1-2: SINGLE (Line Drive, 9LM, EV 105.0 MPH)
Tim Moore to second
Batting: RHB Matt Pettit 0-0: Foul Ball, location: 2F
0-1: Ball
1-1: TRIPLE (Flyball, 7D, EV 105.0 MPH)
Tim Moore scores
Mike Saunders scores
Batting: LHB Russ Henson 0-0: Swinging Strike
0-1: Ball
1-1: Foul Ball, location: 2LF
1-2: Foul Ball, location: 7LSF
1-2: Foul Ball, location: 2F
1-2: Foul Ball, location: 5DF
1-2: SINGLE (Line Drive, 7LS, EV 89.4 MPH)
Matt Pettit scores
Batting: LHB Greg Schlitt 0-0: Called Strike
0-1: Ball
1-1: Ball
2-1: Foul Ball, location: 7LMF
2-2: Foul Ball, location: 2F
2-2: Ball
3-2: Foul Ball, location: 9LDF
3-2: Base on Balls
Russ Henson to second
Batting: RHB Ryan Gaines 0-0: Ball
1-0: Fly out, F9 (Flyball, 9S, EV 93.1 MPH)
Batting: LHB Aaron Himebauch 0-0: Called Strike
0-1: Swinging Strike
0-2: Ball
1-2: Strikes out swinging
Batting: RHB Jordan Saray 0-0: Ball
1-0: Fly out, F2 (Popup, 23F, EV 88.1 MPH)
Bottom of the 3rd over - 3 runs, 3 hits, 1 error, 2 left on base; Corpus Christi 2 - Tulsa 3
TOP OF THE 4TH
Corpus Christi Hooks batting - Pitching for Tulsa Drillers : RHP Bobby Judd
Batting: LHB Toby O'Dell 0-0: Called Strike
0-1: Ball
1-1: Ball
2-1: Ball
3-1: Base on Balls
Batting: RHB David Warren 0-0: Bunted foul
0-1: Bunt missed!
0-2: Ball
1-2: Ball
2-2: Ball
3-2: Grounds out, U3 (Groundball, 3L, EV 84.4 MPH)
Batting: LHB Malik Lindsey 0-0: Ball
Toby O'Dell steals 3rd base
1-0: Swinging Strike
1-1: Swinging Strike
1-2: Ball
2-2: Strikes out swinging
Batting: RHB Edwin Cardenas 0-0: Hit by Pitch
Batting: RHB Danny Nunez 0-0: Ground out 1-3 (Groundball, 34S, EV 65.6 MPH)
Top of the 4th over - 0 runs, 0 hits, 0 errors, 2 left on base; Corpus Christi 2 - Tulsa 3
BOTTOM OF THE 4TH
Tulsa Drillers batting - Pitching for Corpus Christi Hooks : RHP Chad Wilson
Batting: RHB Joe Jarosz 0-0: Ball
1-0: Fly out, F4 (Line Drive, 4, EV 69.4 MPH)
Batting: LHB Tim Moore 0-0: Called Strike
0-1: Ball
1-1: Ball
2-1: Ball
3-1: Fly out, F8 (Flyball, 78D, EV 93.1 MPH)
Batting: LHB Mike Saunders 0-0: Ball
1-0: Called Strike
1-1: Foul Ball, location: 2RF
1-2: Ball
2-2: Ball
3-2: Foul Ball, location: 2F
3-2: Fly out, F7 (Flyball, 7, EV 85.0 MPH)
Bottom of the 4th over - 0 runs, 0 hits, 0 errors, 0 left on base; Corpus Christi 2 - Tulsa 3
TOP OF THE 5TH
Corpus Christi Hooks batting - Pitching for Tulsa Drillers : RHP Bobby Judd
Batting: LHB Jesse Boal 0-0: Swinging Strike
0-1: Ball
1-1: Foul Ball, location: 2F
1-2: Fly out, F8 (Flyball, 8LM, EV 79.4 MPH)
Batting: RHB Donovan Miller 0-0: Ground out 6-3 (Groundball, 6, EV 101.3 MPH)
Batting: RHB Eric Black 0-0: Ball
1-0: Foul Ball, location: 9LDF
1-1: Foul Ball, location: 2F
1-2: Ball
2-2: Ball
3-2: SINGLE (Groundball, 4MD, EV 99.4 MPH)
Batting: RHB James Woodard 0-0: Ball
1-0: Called Strike
1-1: Ball
2-1: Swinging Strike
2-2: Ball
3-2: Strikes out swinging
Top of the 5th over - 0 runs, 1 hit, 0 errors, 1 left on base; Corpus Christi 2 - Tulsa 3
BOTTOM OF THE 5TH
Tulsa Drillers batting - Pitching for Corpus Christi Hooks : RHP Chad Wilson
Batting: RHB Matt Pettit 0-0: Called Strike
0-1: Called Strike
0-2: Foul Ball, location: 2F
0-2: Foul Ball, location: 3DF
0-2: DOUBLE (Line Drive, 89D, EV 105.0 MPH)
Batting: LHB Russ Henson 0-0: Fly out, F9 (Flyball, 9LM, EV 94.4 MPH)
Batting: LHB Greg Schlitt 0-0: Called Strike
0-1: Ball
1-1: Ball
2-1: Swinging Strike
2-2: Foul Ball, location: 2F
2-2: Foul Ball, location: 7LDF
2-2: Foul Ball, location: 5F
2-2: Ball
3-2: Foul Ball, location: 7LSF
3-2: Fly out, F8 (Flyball, 8LM, EV 96.9 MPH)
Runner from 2nd tags up, OUT at 3rd! 8-5
Bottom of the 5th over - 0 runs, 1 hit, 0 errors, 0 left on base; Corpus Christi 2 - Tulsa 3
TOP OF THE 6TH
Corpus Christi Hooks batting - Pitching for Tulsa Drillers : RHP Bobby Judd
Batting: LHB Toby O'Dell 0-0: Ground out 4-3 (Groundball, 4, EV 82.5 MPH)
Batting: RHB David Warren 0-0: Foul Ball, location: 2F
0-1: Ball
1-1: SOLO HOME RUN (Flyball, 9D, EV 95.6 MPH), Distance : 357 ft
Batting: LHB Malik Lindsey 0-0: Ball
1-0: Fly out, F8 (Flyball, 8RD, EV 99.4 MPH)
Batting: RHB Edwin Cardenas 0-0: Swinging Strike
0-1: Foul Ball, location: 2F
0-2: Ball
1-2: Strikes out swinging
Top of the 6th over - 1 run, 1 hit, 0 errors, 0 left on base; Corpus Christi 3 - Tulsa 3
BOTTOM OF THE 6TH
Tulsa Drillers batting - Pitching for Corpus Christi Hooks : RHP Chad Wilson
Batting: RHB Ryan Gaines 0-0: SINGLE (Flyball, 8RS, EV 93.8 MPH)
Batting: LHB Aaron Himebauch 0-0: Ball
1-0: Ball
2-0: Called Strike
2-1: Foul Ball, location: 3DF
2-2: Grounds into double play, 4-6-3 (Groundball, 4, EV 97.5 MPH)
Batting: RHB Jordan Saray 0-0: Ball
1-0: Ball
2-0: Ball
3-0: Base on Balls
Batting: RHB Joe Jarosz 0-0: Called Strike
0-1: Swinging Strike
0-2: Ball
1-2: Strikes out swinging
Bottom of the 6th over - 0 runs, 1 hit, 0 errors, 1 left on base; Corpus Christi 3 - Tulsa 3
TOP OF THE 7TH
Corpus Christi Hooks batting - Pitching for Tulsa Drillers : RHP Bobby Judd
Batting: RHB Danny Nunez 0-0: Fly out, F8 (Flyball, 8LM, EV 100.0 MPH)
Batting: LHB Jesse Boal 0-0: Swinging Strike
0-1: Ball
1-1: Ball
2-1: Ball
3-1: Base on Balls
Batting: RHB Donovan Miller 0-0: Called Strike
0-1: Swinging Strike
0-2: Ball
1-2: Ball
2-2: Strikes out swinging
Batting: RHB Eric Black 0-0: Ball
Jesse Boal steals 2nd base
1-0: Called Strike
1-1: DOUBLE (Flyball, 89XD, EV 98.1 MPH)
Jesse Boal scores
Batting: RHB James Woodard 0-0: Ball
1-0: Swinging Strike
1-1: Ball
2-1: SINGLE (Line Drive, 6D, EV 96.9 MPH)
Eric Black to third
Runner from 3rd tries for Home, SAFE, throw by LF to home
Pitching: LHP Rey Castro
Batting: LHB Toby O'Dell 0-0: Fly out, F6 (Popup, 6M, EV 65.6 MPH)
Top of the 7th over - 2 runs, 2 hits, 0 errors, 1 left on base; Corpus Christi 5 - Tulsa 3
BOTTOM OF THE 7TH
Tulsa Drillers batting - Pitching for Corpus Christi Hooks : RHP Chad Wilson
Pitching: RHP Josh Baird
Batting: LHB Tim Moore 0-0: Called Strike
0-1: Ball
1-1: Ground out 4-3 (Groundball, 4D, EV 105.0 MPH)
Batting: LHB Mike Saunders 0-0: Ball
1-0: Ball
2-0: Ball
3-0: Base on Balls
Batting: RHB Matt Pettit 0-0: Ball
1-0: Foul Ball, location: 9LDF
1-1: SINGLE (Line Drive, 8LS, EV 98.8 MPH)
Mike Saunders to second
Batting: LHB Russ Henson 0-0: Called Strike
0-1: Swinging Strike
0-2: Strikes out looking
Pinch Runner at 2nd Blake Marez:
Batting: LHB Greg Schlitt 0-0: Ball
1-0: Ball
2-0: Ground out 4-3 (Groundball, 4, EV 100.6 MPH)
Bottom of the 7th over - 0 runs, 1 hit, 0 errors, 2 left on base; Corpus Christi 5 - Tulsa 3
TOP OF THE 8TH
Corpus Christi Hooks batting - Pitching for Tulsa Drillers : LHP Rey Castro
Pitching: LHP Amando Ortigueira
Now at 1B: Blake Marez
Batting: RHB David Warren 0-0: Foul Ball, location: 9LSF
0-1: Ball
1-1: Called Strike
1-2: Foul Ball, location: 9LMF
1-2: Strikes out looking
Batting: LHB Malik Lindsey 0-0: Called Strike
0-1: Ball
1-1: Foul Ball, location: 2F
1-2: Ball
2-2: Strikes out swinging
Batting: RHB Edwin Cardenas 0-0: Ball
1-0: Called Strike
1-1: Fly out, F8 (Flyball, 89D, EV 97.5 MPH)
Top of the 8th over - 0 runs, 0 hits, 0 errors, 0 left on base; Corpus Christi 5 - Tulsa 3
BOTTOM OF THE 8TH
Tulsa Drillers batting - Pitching for Corpus Christi Hooks : RHP Josh Baird
Batting: RHB Ryan Gaines 0-0: Ball
1-0: Called Strike
1-1: SINGLE (Groundball, 5S, EV 70.0 MPH) (infield hit)
Batting: LHB Aaron Himebauch 0-0: Called Strike
0-1: Foul Ball, location: 2F
0-2: Grounds into double play, 5-4-3 (Groundball, 5L, EV 78.1 MPH)
Pinch Hitting: RHB Steven Froelich 0-0: Foul Ball, location: 9LDF
0-1: Fly out, F8 (Flyball, 8RD, EV 76.3 MPH)
Bottom of the 8th over - 0 runs, 1 hit, 0 errors, 0 left on base; Corpus Christi 5 - Tulsa 3
TOP OF THE 9TH
Corpus Christi Hooks batting - Pitching for Tulsa Drillers : LHP Amando Ortigueira
Now at 2B: Mike Buckner
Now at SS: Joe Jarosz
Batting: RHB Danny Nunez 0-0: Ball
1-0: Ground out 6-3 (Groundball, 6, EV 93.8 MPH)
Batting: LHB Jesse Boal 0-0: Called Strike
0-1: Ball
1-1: Called Strike
1-2: Ball
2-2: Strikes out looking
Batting: RHB Donovan Miller 0-0: Ball
1-0: Fly out, F9 (Line Drive, 89M, EV 88.8 MPH)
Top of the 9th over - 0 runs, 0 hits, 0 errors, 0 left on base; Corpus Christi 5 - Tulsa 3
BOTTOM OF THE 9TH
Tulsa Drillers batting - Pitching for Corpus Christi Hooks : RHP Josh Baird
Batting: RHB Joe Jarosz 0-0: SINGLE (Line Drive, 8LS, EV 99.4 MPH)
Batting: LHB Tim Moore 0-0: Ball
1-0: SINGLE (Line Drive, 9LS, EV 101.9 MPH)
Joe Jarosz to second
Batting: LHB Blake Marez 0-0: Ball
1-0: Swinging Strike
1-1: Ball
2-1: Foul Ball, location: 9LMFF
2-2: Strikes out swinging
Batting: RHB Matt Pettit 0-0: Ball
1-0: Called Strike
1-1: TRIPLE (Line Drive, 89XD, EV 105.0 MPH)
Joe Jarosz scores
Tim Moore scores
Batting: LHB Russ Henson 0-0: Intentional Walk
Batting: LHB Greg Schlitt 0-0: Called Strike
0-1: Fielders Choice attempt at home, Runner SAFE. 6-2 (Groundball, 56D, EV 95.6 MPH)
Bottom of the 9th over - 3 runs, 3 hits, 0 errors, 1 left on base; Corpus Christi 5 - Tulsa 6
Friday, May 10th , 2024 - OOTP Baseball 24.11 Build 85